 Dungeon Sprint DCSS version 0.29-a0-352-g0917bc69df (webtiles) character file.

Game seed: 11993122090996891177

5845 mhtbhm the Impaler (level 10, 0/168 HPs)
             Began as a Minotaur Berserker on Apr 24, 2022.
             Was the Champion of Trog.
             Slain by a demonic crawler (4 damage)
             ... in the Dungeon (Sprint I: "Red Sonja").
             The game lasted 00:04:00 (2938 turns).

mhtbhm the Impaler (Minotaur Berserker)             Turns: 2938, Time: 00:04:01

Health: 0/168      AC:  8    Str: 27    XL:     10   Next: 51%
Magic:  9/9        EV: 15    Int:  4    God:    Trog [******]
Gold:   324        SH:  5    Dex: 11    Spells: 9/9 levels left

rFire   + . .      SeeInvis +   a - +3 glaive
rCold   . . .      Faith    .   (shield currently unavailable)
rNeg    . . .      Spirit   .   r - +1 ring mail {rF+}
rPois   +          Reflect  +   n - +0 hat of Spite {rPois Dex+2}
rElec   .          Harm     .   (no cloak)
rCorr   .          Rampage  .   (no gloves)
Will    .....      NoTele   +   (no boots)
Stlth   ..........              q - amulet of reflection
HPRegen 0.38/turn               l - ring of see invisible
MPRegen 0.11/turn               (no ring)

@: berserking (expiring), very quick
A: horns 2, retaliatory headbutt
a: Renounce Religion, Berserk, Trog's Hand, Brothers in Arms


You were in the Dungeon.
You worshipped Trog.
Trog was exalted by your worship.
You visited 1 branch You collected 1221 gold pieces.
You spent 897 gold pieces at shops.

Inventory:

Hand Weapons
 a - a +3 glaive (weapon)
Missiles
 j - 3 curare-tipped darts (quivered)
Armour
 b - the +3 plate armour of Dawn {rF- rC+++ Int+4 Stlth+}
   (You found it in the Dungeon)

   Int:       It affects your intelligence (+4).
   rF:        It makes you vulnerable to fire.
   rC:        It renders you almost immune to cold.
   Stlth:     It makes you more stealthy.
 n - the +0 hat of Spite (worn) {rPois Dex+2}
   (You found it in the Dungeon)

   Dex:       It affects your dexterity (+2).
   rPois:     It protects you from poison.
 r - a +1 ring mail of fire resistance (worn)
Jewellery
 l - a ring of see invisible (left hand)
 q - an amulet of reflection (around neck)
Wands
 c - a wand of flame (59)
 i - a wand of iceblast (6)
Scrolls
 h - 2 scrolls of blinking
 o - a scroll of holy word
 p - a scroll of enchant armour
Potions
 d - a potion of heal wounds
 e - a potion of haste
 f - 2 potions of magic
 g - a potion of berserk rage
 k - 3 potions of curing
 m - a potion of resistance {unknown}


   Skills:
 + Level 18.0 Fighting
 + Level 18.1 Polearms
 + Level 1.5 Throwing
 + Level 10.0 Armour
 + Level 11.2 Dodging
 + Level 3.8 Stealth
 + Level 0.3 Shields


You had 9 spell levels left.
You didn't know any spells.
Your spell library was empty.

Dungeon Overview and Level Annotations

Branches:
Dungeon (1/1)

Altars:
Cheibriados
Dithmenos
Elyvilon
Fedhas
Gozag
Hepliaklqana
Kikubaaqudgha
Makhleb
Nemelex Xobeh
Okawaru
Qazlal
Ru
Sif Muna
Trog
Uskayaw
Vehumet
Wu Jian
Xom
Yredelemnul
Zin
The Shining One
Jiyva
Lugonu

Shops:
D ?([?=!!*:[([*:([(


Innate Abilities, Weirdness & Mutations

You have a pair of horns on your head.
You reflexively headbutt those who attack you in melee.


Message History

Unknown command.
You slice the demonic crawler!!
The demonic crawler is heavily wounded.
The demonic crawler misses you. You furiously retaliate!
You headbutt the demonic crawler, but do no damage.
The demonic crawler hits you!
* * * LOW HITPOINT WARNING * * *
The demonic crawler completely misses you.
The demonic crawler hits you.
* * * LOW HITPOINT WARNING * * *
The demonic crawler misses you. The demonic crawler hits you.
* * * LOW HITPOINT WARNING * * *
The demonic crawler hits you.
* * * LOW HITPOINT WARNING * * *
The demonic crawler closely misses you. You block the demonic crawler's attack.
You closely miss the demonic crawler.
The demonic crawler is heavily wounded.
The demonic crawler hits you but does no damage.
The demonic crawler closely misses you. x2
Unknown command.
You barely miss the demonic crawler.
The demonic crawler is heavily wounded.
The demonic crawler closely misses you. You furiously retaliate!
You headbutt the demonic crawler, but do no damage.
The demonic crawler hits you!
* * * LOW HITPOINT WARNING * * *
The demonic crawler barely misses you.
The demonic crawler hits you but does no damage.
The demonic crawler hits you!
* * * LOW HITPOINT WARNING * * *
You block the demonic crawler's attack.
You slash the demonic crawler!
The demonic crawler is severely wounded.
The demonic crawler hits you!
* * * LOW HITPOINT WARNING * * *
The demonic crawler hits you but does no damage.
The demonic crawler hits you!
* * * LOW HITPOINT WARNING * * *
The demonic crawler hits you.
You die...

##################
.#..'..#__#..')s@#
.').#..'..'..#.ss##+#
'#####'#__####..9'..#
.#...#.####§.#####°.+
##..##§#≈≈§§§#§.# ○##
_##'#_.§≈≈§§.'§.# °
..'..._#≈≈§§)#§.# ○.
_##_.#'##§#####'###
.○
_###)#(#..[.###.'.#


You could see 3 demonic crawlers and a gargoyle.

Vanquished Creatures
  2 centaur warriors (D)
  Sonja (D)
  A deep troll (D)
  An oklob plant (D)
  2 unseen horrors (D)
  A demonic crawler (D)
  2 kobold demonologists (D)
  A hornet (D)
  A slime creature (D)
  Sigmund (D)
  A yak (D)
  2 redbacks (D)
  2 floating eyes (D)
  An ogre (D)
  7 necrophages (D)
  8 jellies (D)
  Ijyb (D)
35 creatures vanquished.

Vanquished Creatures (others)
  A gargoyle (D)
  2 ballistomycete spores (D)
3 creatures vanquished.

Grand Total: 38 creatures vanquished

Notes
Turn   | Place    | Note
-------+----------+-------------------------------------------
     0 | D        | mhtbhm the Minotaur Berserker began the quest for the Orb.
     0 | D        | Reached XP level 1. HP: 19/19 MP: 0/0
     1 | D        | Noticed Ijyb
    12 | D        | Killed Ijyb
    13 | D        | Reached skill level 5 in Fighting
    13 | D        | Reached skill level 5 in Polearms
    13 | D        | Reached XP level 2. HP: 8/29 MP: 1/1
   242 | D        | Noticed an ogre
   247 | D        | Killed an ogre
   248 | D        | Reached XP level 3. HP: 39/39 MP: 2/2
   248 | D        | Reached XP level 4. HP: 47/47 MP: 3/3
   299 | D        | Noticed Sigmund
   310 | D        | Killed Sigmund
   310 | D        | Reached ** piety under Trog
   311 | D        | Reached skill level 10 in Polearms
   311 | D        | Reached skill level 5 in Armour
   311 | D        | Reached skill level 5 in Dodging
   311 | D        | Reached XP level 5. HP: 58/58 MP: 4/4
   391 | D        | Found an ornate altar of the Wu Jian Council.
   391 | D        | Found a shimmering blue altar of Sif Muna.
   393 | D        | Found a radiant altar of Vehumet.
   400 | D        | Reached skill level 10 in Fighting
   400 | D        | Reached XP level 6. HP: 26/66 MP: 5/5
   600 | D        | Found Ysmor's Weapon Emporium.
   600 | D        | Found an ancient bone altar of Kikubaaqudgha.
   600 | D        | Found a hazy altar of Hepliaklqana.
   600 | D        | Found a stormy altar of Qazlal.
   600 | D        | Found a hide-covered altar of Uskayaw.
   600 | D        | Found a blossoming altar of Fedhas.
   600 | D        | Found a bloodstained altar of Trog.
   600 | D        | Found an iron altar of Okawaru.
   600 | D        | Found a basalt altar of Yredelemnul.
   600 | D        | Found a glowing golden altar of the Shining One.
   600 | D        | Found a snail-covered altar of Cheibriados.
   600 | D        | Found a sacrificial altar of Ru.
   600 | D        | Found a glowing silver altar of Zin.
   600 | D        | Found a shadowy altar of Dithmenos.
   600 | D        | Found a white marble altar of Elyvilon.
   600 | D        | Noticed a yak
   601 | D        | Found an opulent altar of Gozag.
   614 | D        | Killed a yak
   615 | D        | Found a sparkling altar of Nemelex Xobeh.
   710 | D        | Found a burning altar of Makhleb.
   710 | D        | Found a viscous altar of Jiyva.
   710 | D        | Found a shimmering altar of Xom.
   710 | D        | Found a corrupted altar of Lugonu.
   710 | D        | Noticed a slime creature
   724 | D        | Killed a slime creature
   725 | D        | Reached XP level 7. HP: 38/75 MP: 6/6
   757 | D        | Killed a gargoyle
   901 | D        | Noticed a kobold demonologist
   901 | D        | Noticed a kobold demonologist
   904 | D        | Reached *** piety under Trog
   905 | D        | Reached skill level 1 in Stealth
   906 | D        | Noticed an ice devil
   908 | D        | Noticed a hellwing
   909 | D        | Killed a kobold demonologist
   913 | D        | Killed a kobold demonologist
   913 | D        | Reached **** piety under Trog
   914 | D        | Reached XP level 8. HP: 85/86 MP: 7/7
  1022 | D        | Noticed Sonja
  1031 | D        | Killed Sonja
  1032 | D        | Reached skill level 15 in Polearms
  1263 | D        | Found Cuaxzoof's Magic Scroll Boutique.
  1271 | D        | Bought a scroll of blinking for 105 gold pieces
  1322 | D        | Noticed a deep troll
  1344 | D        | Killed a deep troll
  1345 | D        | Reached skill level 15 in Fighting
  1345 | D        | Reached XP level 9. HP: 92/97 MP: 8/8
  1363 | D        | Found Japt's Armour Emporium.
  1483 | D        | Noticed a centaur warrior
  1501 | D        | Noticed a centaur warrior
  1510 | D        | Killed a centaur warrior
  1517 | D        | Killed a centaur warrior
  1518 | D        | Reached skill level 10 in Dodging
  1833 | D        | Paralysed by a hornet for 3 turns
  1847 | D        | Reached skill level 1 in Throwing
  2130 | D        | Noticed an oklob plant
  2144 | D        | Killed an oklob plant
  2144 | D        | Reached ***** piety under Trog
  2145 | D        | Reached XP level 10. HP: 86/110 MP: 9/9
  2236 | D        | Received a gift from Trog
  2674 | D        | Received a gift from Trog
  2798 | D        | Reached ****** piety under Trog
  2805 | D        | Identified the +3 plate armour of Dawn {rF- rC+++ Int+4
                  | Stlth+}
  2806 | D        | Identified the +0 hat of Spite {rPois Dex+2}
  2837 | D        | Found Bewnig's Magic Scroll Shoppe.
  2837 | D        | Found Zeudoh's Antique Armour Shop.
  2837 | D        | Found Bucufry's Jewellery Boutique.
  2839 | D        | Found Matram's Distillery.
  2839 | D        | Found Homytul's Distillery.
  2839 | D        | Found Xusil's Assorted Antiques.
  2839 | D        | Found Aghidim's Book Boutique.
  2839 | D        | Found Yhika's Armour Emporium.
  2839 | D        | Found Kimecw's Antique Weapon Shop.
  2839 | D        | Found Osahuuth's Antique Armour Shoppe.
  2843 | D        | Bought a scroll of holy word for 82 gold pieces
  2843 | D        | Bought a scroll of enchant armour for 82 gold pieces
  2844 | D        | Bought an amulet of reflection for 420 gold pieces
  2844 | D        | Found Sonisas's General Store.
  2845 | D        | Found Lyer Xoipu's Weapon Emporium.
  2845 | D        | Found Reon's Book Boutique.
  2846 | D        | Found Malauzxoamp's Weapon Emporium.
  2849 | D        | Bought a +1 ring mail of fire resistance for 208 gold
                  | pieces
  2932 | D        | Noticed a gargoyle
  2934 | D        | Received a gift from Trog
  2935 | D        | Reached skill level 10 in Armour
  2938 | D        | HP: 4/168 [demonic crawler (12)]
  2938 | D        | Slain by a demonic crawler

Illustrated notes

Levels and vault maps discovered:
D:        dungeon_sprint_1 [red_sonja_temple_1, red_sonja_temple_small_1]

Skill      XL: |  1  2  3  4  5  6  7  8  9 10 |
---------------+-------------------------------+-----
Fighting       | 5 7 9 10 11 13 15 16 18 | 18.0
Polearms       | 5 7 10 12 14 15 17 18 | 18.1
Armour         | 3 4 5 6 7 8 10 | 10.0
Dodging        | 3 5 6 7 9 10 11 | 11.2
Stealth        | 1 2 3 |  3.8
Throwing       | 1 |  1.5
Shields        | |  0.3

Action                   |  1- 3 |  4- 6 |  7- 9 | 10-12 || total
-------------------------+-------+-------+-------+-------++-------
Melee: Spear             |    15 |    39 |    65 |     9 ||   128
       Headbutt          |     3 |     8 |    10 |    11 ||    32
       Glaive            |       |       |       |    47 ||    47
Throw: Dart              |       |       |     2 |       ||     2
Invok: Berserk           |     1 |     1 |     4 |     1 ||     7
Evoke: Wand              |       |       |     1 |       ||     1
  Use: Potion            |       |     1 |     1 |       ||     2
Armor: Animal skin       |       |     1 |     1 |       ||     2
       Ring mail         |       |       |    12 |    21 ||    33
Dodge: Dodged            |     5 |     7 |    30 |    37 ||    79
Block: Other             |       |       |       |    10 ||    10

Table legend: (Time is in decaauts)
 A = Elapsed time spent in this place.
 B = Non-inter-level travel time spent in this place.
 C = Inter-level travel time spent in this place.
 D = Time resting spent in this place.
 E = Time spent auto-exploring this place.
 F = Levels seen in this place.
 G = Mean time per level.
                   A        B        C        D        E       F      G
               +--------+--------+--------+--------+--------+-----+--------+
         Total |   2951 |   2951 |      0 |   2309 |      1 |   1 | 2951.0 |
       Dungeon |   2951 |   2951 |      0 |   2309 |      1 |   1 | 2951.0 |
               +--------+--------+--------+--------+--------+-----+--------+

Top non-repeatable levels by time:
       D: 2951 daAuts
